 Dungeon Crawl Stone Soup version 0.22-a0-897-g1b7a381375 (webtiles) character file.

8184 Htamos the Severer (level 11, -21/97 HPs)
             Began as a Hill Orc Fighter on July 31, 2018.
             Was a Believer of Beogh.
             Demolished by Snorg (25 damage)
             ... on level 10 of the Dungeon.
             The game lasted 00:24:46 (13172 turns).

Htamos the Severer (Hill Orc Fighter)              Turns: 13172, Time: 00:24:47

Health: -21/97     AC:  7    Str: 20    XL:     11   Next: 26%
Magic:  11/11      EV: 15    Int:  8    God:    Beogh [**....]
Gold:   595        SH:  8    Dex: 15    Spells: 10/10 levels left

rFire    . . .     SeeInvis .   a - +3 war axe
rCold    . . .     Gourm    .   k - +2 buckler
rNeg     . . .     Faith    .   K - +1 troll leather armour
rPois    .         Spirit   .   h - +0 helmet
rElec    .         Reflect  .   (no cloak)
rCorr    .         Harm     .   (no gloves)
MR       .....                  (no boots)
Stlth    +.........             o - amulet of magic regeneration
HPRegen  0.66/turn              m - +2 ring of dexterity
MPRegen  0.37/turn              j - +4 ring of evasion

@: about to teleport
A: no striking features
a: Smiting, Renounce Religion


You were on level 10 of the Dungeon.
You worshipped Beogh.
Beogh was pleased with you.
You were hungry.

You visited 2 branches of the dungeon, and saw 11 of its levels.

You collected 595 gold pieces.

Inventory:

Hand Weapons
 a - a +3 war axe (weapon)
 p - a +0 dagger of venom
 r - a +2 hand axe
 u - a +2 dagger of speed
Armour
 c - a +0 shield
 h - a +0 helmet (worn)
 k - a +2 buckler (worn)
 w - a +0 chain mail
 D - a +0 plate armour
 K - a +1 troll leather armour (worn)
Jewellery
 j - a +4 ring of evasion (right hand)
 m - a +2 ring of dexterity (left hand)
 o - an amulet of magic regeneration (around neck)
 t - an uncursed ring of poison resistance
 F - an uncursed ring of wizardry
 G - an uncursed ring of ice
 I - an uncursed ring of magical power
Wands
 g - a wand of random effects (12)
 B - a wand of flame (30)
Scrolls
 d - a scroll of amnesia
 e - 3 scrolls of magic mapping
 n - a scroll of fog
 x - a scroll of immolation
 y - a scroll of noise
 A - a scroll of enchant armour
 E - 2 scrolls of identify
 H - 3 scrolls of remove curse
 L - a scroll of fear
Potions
 i - a potion of agility
 l - 2 potions of curing
 q - 3 potions of cancellation
 v - a potion of flight
 z - a potion of ambrosia
 C - a potion of magic
 J - a potion of degeneration
 M - a potion of brilliance {unknown}
 N - a potion of resistance {unknown}
 O - a potion of haste {unknown}
Comestibles
 f - 17 rations


   Skills:
 * Level 9.5 Fighting
 - Level 16.1 Axes
 + Level 7.2 Armour
 + Level 7.3 Shields


You had 10 spell levels left.
You didn't know any spells.
Your spell library contained the following spells:

 Spells                   Type           Power        Failure   Level  Hunger
 Magic Dart               Conj           #...         45%         1    ##.....
 Lightning Bolt           Conj/Air       #.........   100%        5    ######.
 Confuse                  Hex            #.......     83%         3    ####...
 Iskenderun's Mystic Bla  Conj           #.......     99%         4    #####..
 Shock                    Conj/Air       #...         45%         1    ##.....
 Swiftness                Chrm/Air       #.......     58%         2    ###....
 Airstrike                Air            #.........   99%         4    #####..
 Confusing Touch          Hex            #.....       45%         1    ##.....
 Metabolic Englaciation   Hex/Ice        #.........   100%        5    ######.
 Static Discharge         Conj/Air       #.......     83%         3    ####...
 Petrify                  Tmut/Erth      #.......     99%         4    #####..
 Fulminant Prism          Conj/Hex       #.........   99%         4    #####..
 Dazzling Spray           Conj/Hex       #.....       83%         3    ####...
 Force Lance              Conj/Tloc      #.......     99%         4    #####..
 Searing Ray              Conj           #.....       58%         2    ###....
 Gell's Gravitas          Tloc           #.........   83%         3    ####...
 Yara's Violent Unravell  Hex/Tmut       #.........   100%        5    ######.


Dungeon Overview and Level Annotations

Branches:
Dungeon (10/15)            Temple (1/1) D:5            Lair (0/6) D:9
    Orc (0/2) D:10

Altars:
Ashenzari
Dithmenos
Gozag
Sif Muna
Uskayaw
Vehumet
Wu Jian
The Shining One

Annotations:
D:2 2 transporters
D:10 Snorg


Message History

Snorg completely misses you. The centaur closely misses you.
You slash the centaur!
The centaur is severely wounded.
You completely miss Snorg. The centaur hits you.
Snorg bites you but does no damage. Snorg claws you!
* * * LOW HITPOINT WARNING * * *
Snorg closely misses you.
As you read the scroll of teleportation, it crumbles to dust.
You feel strangely unstable. Snorg bites you!!
* * * LOW HITPOINT WARNING * * *
You block Snorg's attack. Snorg closely misses you.
The centaur barely misses you. You block the centaur's attack.
Snorg misses you. Snorg claws you!
* * * LOW HITPOINT WARNING * * *
You block Snorg's attack.
Okay, then.
Okay, then.
As you read the scroll of fear, it crumbles to dust.
You assume a fearsome visage.
The centaur easily resists.
Snorg bites you!!
You die...

....... .......
................
.........#.......
.................
#........#.......
.................
..........c......
........@T......
###...(........
##†.#.#...###
#..(...#.##
##.#...###
##....## #....##
##.###
##.#########


You could see Snorg (berserk) and a centaur.

Vanquished Creatures
  2 death yaks
  A gargoyle (D:10)
  A troll (D:7)
  A hippogriff (D:10)
  4 hogs (D:7)
  4 yaks
  A human (D:7)
  Menkaure (D:4)
  A water moccasin (D:7)
  Duvessa (D:7)
  6 orc warriors
  An ice beast (D:7)
  A black bear (D:8)
  5 sky beasts
  3 phantoms
  4 ogres
  A necrophage (D:9)
  A centaur (D:5)
  A crocodile (D:10)
  4 bullfrogs
  Dowan (D:7)
  2 scorpions (D:7)
  3 killer bees
  4 wights (D:9)
  6 howler monkeys
  10 crimson imps
  A centaur zombie (D:7)
  3 hounds
  3 orc priests
  A bullfrog skeleton (D:5)
  A jelly (D:7)
  4 centaur skeletons
  8 orc wizards
  Terence (D:2)
  Natasha (D:2)
  3 iguanas
  3 worker ants
  A hound skeleton (D:6)
  A howler monkey zombie (D:7)
  A worker ant zombie (D:4)
  Robin (D:2)
  15 adders
  4 gnolls
  3 shadow imps
  An adder skeleton (D:6)
  3 worms
  4 dart slugs (D:1)
  2 leopard geckos
  29 orcs
  5 giant cockroaches
  16 goblins
  13 hobgoblins
  19 jackals
  9 kobolds
  2 quokkas
  11 bats
  6 frilled lizards
  2 rats
247 creatures vanquished.

Notes
Turn   | Place    | Note
-------+----------+-------------------------------------------
     0 | D:1      | Htamos the Hill Orc Fighter began the quest for the Orb.
     0 | D:1      | Reached XP level 1. HP: 19/19 MP: 1/1
   221 | D:1      | Reached skill level 3 in Axes
   320 | D:1      | Reached XP level 2. HP: 27/27 MP: 2/2
   408 | D:1      | Reached skill level 4 in Axes
   611 | D:1      | Reached XP level 3. HP: 32/33 MP: 3/3
  1069 | D:1      | Reached skill level 5 in Axes
  1129 | D:2      | Noticed Robin
  1161 | D:1      | Reached XP level 4. HP: 36/40 MP: 4/4
  1445 | D:2      | Killed Robin
  1628 | D:2      | Reached skill level 6 in Axes
  1664 | D:2      | Found a transporter.
  1671 | D:2      | Found a transporter.
  1671 | D:2      | Noticed an ogre
  2033 | D:2      | Noticed Natasha
  2042 | D:2      | Killed Natasha
  2042 | D:2      | Reached XP level 5. HP: 27/46 MP: 5/5
  2315 | D:2      | Noticed Terence
  2325 | D:2      | Killed Terence
  2325 | D:2      | Reached skill level 7 in Axes
  2800 | D:2      | Found a hide-covered altar of Uskayaw.
  3288 | D:3      | Reached XP level 6. HP: 52/52 MP: 6/6
  3294 | D:3      | Reached skill level 8 in Axes
  3463 | D:3      | Found an ornate altar of the Wu Jian Council.
  3886 | D:3      | Found a shattered altar of Ashenzari.
  4326 | D:4      | Noticed a phantom
  4390 | D:4      | Killed a phantom
  4390 | D:4      | Reached skill level 9 in Axes
  4482 | D:4      | Noticed Menkaure
  4499 | D:4      | Reached XP level 7. HP: 56/58 MP: 7/7
  4509 | D:4      | Killed Menkaure
  4509 | D:4      | Reached skill level 10 in Axes
  5173 | D:5      | Entered Level 5 of the Dungeon
  5209 | D:5      | Reached skill level 11 in Axes
  5426 | D:5      | Reached XP level 8. HP: 66/66 MP: 8/8
  5492 | D:5      | Became a worshipper of Beogh the Brigand
  5746 | D:5      | Reached skill level 12 in Axes
  6254 | D:5      | Found a staircase to the Ecumenical Temple.
  6261 | Temple   | Entered the Ecumenical Temple
  6308 | D:6      | Reached skill level 13 in Axes
  6814 | D:6      | Found a shadowy altar of Dithmenos.
  6948 | D:6      | Reached XP level 9. HP: 66/71 MP: 9/9
  6986 | D:6      | Reached skill level 14 in Axes
  7356 | D:7      | Reached * piety under Beogh
  7384 | D:7      | Noticed a troll
  7410 | D:7      | Killed a troll
  7503 | D:7      | Reached skill level 15 in Axes
  7517 | D:7      | Found a glowing golden altar of the Shining One.
  7842 | D:7      | Found a radiant altar of Vehumet.
  7905 | D:7      | Noticed Duvessa
  7905 | D:7      | Noticed Dowan
  7937 | D:7      | Killed Dowan
  8205 | D:7      | Killed Duvessa
  8205 | D:7      | Reached skill level 16 in Axes
  8289 | D:7      | Reached XP level 10. HP: 44/80 MP: 10/10
  8304 | D:7      | Reached skill level 5 in Fighting
  9082 | D:8      | Found an opulent altar of Gozag.
  9095 | D:8      | Reached skill level 5 in Armour
  9095 | D:8      | Reached skill level 5 in Shields
  9107 | D:8      | Noticed a skeletal warrior
  9107 | D:8      | Noticed a skeletal warrior
  9109 | D:8      | Noticed a skeletal warrior
  9113 | D:8      | Noticed a skeletal warrior
  9428 | D:7      | HP: 4/83 [skeletal warrior/halberd[a skeletal warrior] (14)]
 10317 | D:9      | Found a glowing golden altar of the Shining One.
 10568 | D:9      | Reached ** piety under Beogh
 10845 | D:9      | Found a deep blue altar of Sif Muna.
 11030 | D:9      | Noticed a death yak
 11038 | D:9      | Noticed a death yak
 11065 | D:9      | Noticed a death yak
 11144 | D:8      | Killed a death yak
 11929 | D:5      | Killed a death yak
 11929 | D:5      | Reached XP level 11. HP: 71/95 MP: 11/11
 12328 | D:9      | Found a staircase to the Lair.
 12776 | D:10     | Entered Level 10 of the Dungeon
 12904 | D:10     | Found a staircase to the Orcish Mines.
 13159 | D:10     | Noticed Snorg
 13171 | D:10     | HP: 3/97 [Snorg (10)]
 13172 | D:10     | Demolished by Snorg

Vault maps used:
D:1:      lemuel_arrival_funnel
D:2:      gammafunk_temple_overflow_arena, kennysheep_generic_room_15,
          uniq_terence, uniq_natasha, uniq_robin
D:3:      lemuel_doored_altar, lemuel_round_altar, first_ration, serial_forest,
          infiniplex_forest_clump_curved, infiniplex_forest_corner_2,
          infiniplex_forest_lined_ring, infiniplex_forest_straight_2,
          infiniplex_forest_straight_4, infiniplex_forest_zigzag_2,
          infiniplex_forest_lined_3_way, infiniplex_forest_clump_diagonal
D:4:      uniq_menkaure
D:5:      minmay_temple_entry_enclosed_plants, minmay_door_square
D:6:      nicolae_dithmenos_shadow_blocks
D:7:      lemuel_round_altar, grunt_livestock, lemuel_statue_altar, uniq_duvessa
D:8:      nicolae_gozag_seed_capital
D:9:      nicolae_overflow_hidden_temple, dpeg_lair_monsters,
          serial_column_ruins, column_ruins_hut_water,
          column_ruins_columns_dead_end, column_ruins_open_small,
          column_ruins_columns_T, column_ruins_grid_3, basic_altar
D:10:     orc_0_dummy, kennysheep_generic_room_8, uniq_snorg
Temple:   nicolae_temple_elliptical

Skill      XL: |  1  2  3  4  5  6  7  8  9 10 11 |
---------------+----------------------------------+-----
Axes           | 3 4 5 6 7 9 11 13 16 | 16.1
Fighting       | 4 8 9 |  9.5
Armour         | 4 6 7 |  7.2
Shields        | 4 6 7 |  7.3

Action                   |  1- 3 |  4- 6 |  7- 9 | 10-12 || total
-------------------------+-------+-------+-------+-------++-------
Melee: War axe           |   112 |   291 |   393 |   256 ||  1052
       Hand axe          |       |       |       |    96 ||    96
       Dagger            |       |       |       |    45 ||    45
Invok: Convert to Beogh  |       |       |     1 |       ||     1
       Smiting           |       |       |       |     3 ||     3
Evoke: Wand              |       |       |     1 |       ||     1
  Use: Scroll            |       |     7 |    12 |    10 ||    29
       Potion            |       |       |     3 |     7 ||    10
  Eat: Chunk             |     1 |    11 |     8 |     6 ||    26
       Ration            |       |       |     1 |     3 ||     4
Armor: Scale mail        |    70 |    30 |       |       ||   100
       Chain mail        |       |    92 |     3 |       ||    95
       Plate armour      |       |       |   186 |   111 ||   297
       Troll leather arm |       |       |       |    12 ||    12
Dodge: Dodged            |    47 |    70 |    46 |    96 ||   259
Block: Shield            |    63 |   123 |   122 |    50 ||   358
       Buckler           |       |       |       |    71 ||    71

Table legend:
 A = Spawn XP
 B = Non-spawn XP
 C = Spawn XP percentage of total XP
 D = Spawn monster count
 E = Non-spawn monster count
 F = Spawn count percentage of total count
 G = Total turns spent on level
                    A         B        C        D         E        F      G
               +---------+---------+-------+---------+---------+-------+---------
         Total |       0 |   11692 |   0.0 |       0 |     246 |   0.0 | 13172
               +---------+---------+-------+---------+---------+-------+---------
           D:1 |       0 |      86 |   0.0 |       0 |      45 |   0.0 |  1422
           D:2 |       0 |     170 |   0.0 |       0 |      20 |   0.0 |  1530
           D:3 |       0 |     134 |   0.0 |       0 |      25 |   0.0 |  1235
           D:4 |       0 |     624 |   0.0 |       0 |      19 |   0.0 |   986
           D:5 |       0 |    1699 |   0.0 |       0 |      15 |   0.0 |  1282
           D:6 |       0 |     597 |   0.0 |       0 |      17 |   0.0 |  1486
           D:7 |       0 |    2962 |   0.0 |       0 |      44 |   0.0 |  1915
           D:8 |       0 |    2366 |   0.0 |       0 |      18 |   0.0 |  1468
           D:9 |       0 |    1735 |   0.0 |       0 |      25 |   0.0 |  1450
          D:10 |       0 |    1319 |   0.0 |       0 |      18 |   0.0 |   396
               +---------+---------+-------+---------+---------+-------+---------
